TOP OF THE 1ST |
Cape Cod Clams batting - Pitching for Portland Privateers : RHP Terry Fields
|
Pitching: RHP Terry Fields
|
|
Batting: SHB Edgardo Osorio
|
0-0: Foul Ball, location: 2F 0-1: Ball 1-1: Ball 2-1: Swinging Strike 2-2: Foul Ball, location: 2F 2-2: Ball 3-2: Strikes out swinging
|
Batting: RHB Yasuhiro Kobayashi
|
0-0: Swinging Strike 0-1: Foul Ball, location: 2F 0-2: Foul Ball, location: 2F 0-2: Strikes out swinging
|
Batting: SHB Rob Grun
|
0-0: Called Strike 0-1: Ball 1-1: SINGLE (Flyball, 7LS)
|
Batting: LHB José Rivas
|
0-0: Ball 1-0: Ball 2-0: Called Strike 2-1: Swinging Strike 2-2: Ball 3-2: Strikes out looking
|
Top of the 1st over - 0 run(s), 1 hit(s), 0 error(s), 1 left on base; Cape Cod 0 - Portland 0 |
BOTTOM OF THE 1ST |
Portland Privateers batting - Pitching for Cape Cod Clams : RHP Jorge Jiménez
|
Pitching: RHP Jorge Jiménez
|
|
Batting: RHB Luis Pineda
|
0-0: Fly out, F7 (Line Drive, 7M)
|
Batting: RHB Carlos Castro
|
0-0: Ball 1-0: Ball 2-0: Fly out, F8 (Flyball, 8RS)
|
Batting: RHB Troy Lau
|
0-0: Called Strike 0-1: Called Strike 0-2: Foul Ball, location: 2F 0-2: Ball 1-2: Ball 2-2: Strikes out swinging
|
Bottom of the 1st over - 0 run(s), 0 hit(s), 0 error(s), 0 left on base; Cape Cod 0 - Portland 0 |
TOP OF THE 2ND |
Cape Cod Clams batting - Pitching for Portland Privateers : RHP Terry Fields
|
Batting: SHB Andrés Díaz
|
0-0: Ball 1-0: Ball 2-0: Foul Ball, location: 2F 2-1: Foul Ball, location: 2F 2-2: Foul Ball, location: 2F 2-2: Strikes out swinging
|
Batting: RHB Héctor Jiménez
|
0-0: Ball 1-0: Called Strike 1-1: Ball 2-1: Foul Ball, location: 2F 2-2: Strikes out looking
|
Batting: SHB Dave Lee
|
0-0: Ball 1-0: Ball 2-0: Called Strike 2-1: Swinging Strike 2-2: Strikes out looking
|
Top of the 2nd over - 0 run(s), 0 hit(s), 0 error(s), 0 left on base; Cape Cod 0 - Portland 0 |
BOTTOM OF THE 2ND |
Portland Privateers batting - Pitching for Cape Cod Clams : RHP Jorge Jiménez
|
Batting: SHB Patrick Larson
|
0-0: Foul Ball, location: 2F 0-1: Swinging Strike 0-2: Ball 1-2: SINGLE (Groundball, 4MD)
|
Batting: RHB Júlio Vélez
|
0-0: Ground out 4-3 (Groundball, 13) Patrick Larson to second
|
Batting: RHB Jorge Cora
|
0-0: Fly out, F8 (Flyball, 8LM)
|
Batting: RHB Tomás Estrada
|
0-0: Ball 1-0: Ball 2-0: Swinging Strike 2-1: Swinging Strike 2-2: Strikes out looking
|
Bottom of the 2nd over - 0 run(s), 1 hit(s), 0 error(s), 1 left on base; Cape Cod 0 - Portland 0 |
TOP OF THE 3RD |
Cape Cod Clams batting - Pitching for Portland Privateers : RHP Terry Fields
|
Batting: RHB Juan Marín
|
0-0: Called Strike 0-1: Fly out, F9 (Flyball, 9S)
|
Batting: RHB Marcos Castillo
|
0-0: Ball 1-0: Called Strike 1-1: Swinging Strike 1-2: Foul Ball, location: 2F 1-2: Ball 2-2: Fly out, F9 (Flyball, 89M)
|
Batting: SHB Edgardo Osorio
|
0-0: Swinging Strike 0-1: Called Strike 0-2: Ball 1-2: Ball 2-2: Fly out, F8 (Flyball, 8LXD)
|
Top of the 3rd over - 0 run(s), 0 hit(s), 0 error(s), 0 left on base; Cape Cod 0 - Portland 0 |
BOTTOM OF THE 3RD |
Portland Privateers batting - Pitching for Cape Cod Clams : RHP Jorge Jiménez
|
Batting: LHB Yasuhiko Onodera
|
0-0: Ground out 1-3 (Groundball, 25)
|
Batting: RHB José Balina
|
0-0: Called Strike 0-1: Ball 1-1: Fly out, F5 (Popup, 5SF)
|
Batting: RHB Luis Pineda
|
0-0: Ball 1-0: Ball 2-0: Called Strike 2-1: Ball 3-1: Foul Ball, location: 2F 3-2: Foul Ball, location: 2F 3-2: Fly out, F9 (Flyball, 9LM)
|
Bottom of the 3rd over - 0 run(s), 0 hit(s), 0 error(s), 0 left on base; Cape Cod 0 - Portland 0 |
TOP OF THE 4TH |
Cape Cod Clams batting - Pitching for Portland Privateers : RHP Terry Fields
|
Batting: RHB Yasuhiro Kobayashi
|
0-0: Ball 1-0: Foul Ball, location: 2F 1-1: Called Strike 1-2: Foul Ball, location: 2F 1-2: Foul Ball, location: 2F 1-2: Ball 2-2: Fly out, F7 (Flyball, 7D)
|
Batting: SHB Rob Grun
|
0-0: Ball 1-0: Swinging Strike 1-1: Ball 2-1: SOLO HOME RUN (Flyball, 9D), Distance : 383 ft
|
Batting: LHB José Rivas
|
0-0: Ball 1-0: Foul Ball, location: 2F 1-1: Swinging Strike 1-2: Ball 2-2: Strikes out swinging
|
Batting: SHB Andrés Díaz
|
0-0: Ball 1-0: Swinging Strike 1-1: Foul Ball, location: 2F 1-2: Foul Ball, location: 2F 1-2: Ball 2-2: DOUBLE (Line Drive, 3L)
|
Batting: RHB Héctor Jiménez
|
0-0: Ball 1-0: Ball 2-0: Ball 3-0: Called Strike 3-1: SINGLE (Line Drive, 89S) Andrés Díaz to third
|
Pitching: RHP Alfonso Medina
|
|
Batting: SHB Dave Lee
|
0-0: Called Strike 0-1: Ball 1-1: Ball 2-1: DOUBLE (Line Drive, 9LM) Andrés Díaz scores Héctor Jiménez to third
|
Batting: RHB Juan Marín
|
0-0: Called Strike 0-1: Ball 1-1: Ball 2-1: Ground out 6-3 (Groundball, 6)
|
Top of the 4th over - 2 run(s), 4 hit(s), 0 error(s), 2 left on base; Cape Cod 2 - Portland 0 |
BOTTOM OF THE 4TH |
Portland Privateers batting - Pitching for Cape Cod Clams : RHP Jorge Jiménez
|
Batting: RHB Carlos Castro
|
0-0: Ball 1-0: Ball 2-0: Foul Ball, location: 2F 2-1: Called Strike 2-2: Foul Ball, location: 2F 2-2: Ball 3-2: Strikes out swinging
|
Batting: RHB Troy Lau
|
0-0: Foul Ball, location: 2F 0-1: Ball 1-1: Ball 2-1: Called Strike 2-2: Ball 3-2: Strikes out swinging
|
Batting: SHB Patrick Larson
|
0-0: Foul Ball, location: 2F 0-1: Ground out 6-3 (Groundball, 56)
|
Bottom of the 4th over - 0 run(s), 0 hit(s), 0 error(s), 0 left on base; Cape Cod 2 - Portland 0 |
TOP OF THE 5TH |
Cape Cod Clams batting - Pitching for Portland Privateers : RHP Alfonso Medina
|
Batting: RHB Marcos Castillo
|
0-0: Fly out, F4 (Popup, 34D)
|
Batting: SHB Edgardo Osorio
|
0-0: Foul Ball, location: 2F 0-1: Foul Ball, location: 2F 0-2: Ball 1-2: Ball 2-2: Ball 3-2: Foul Ball, location: 2F 3-2: Fly out, F5 (Popup, 25F)
|
Batting: RHB Yasuhiro Kobayashi
|
0-0: Ball 1-0: Ball 2-0: Called Strike 2-1: Foul Ball, location: 2F 2-2: Ball 3-2: Foul Ball, location: 2F 3-2: Ground out 6-3 (Groundball, 6M)
|
Top of the 5th over - 0 run(s), 0 hit(s), 0 error(s), 0 left on base; Cape Cod 2 - Portland 0 |
BOTTOM OF THE 5TH |
Portland Privateers batting - Pitching for Cape Cod Clams : RHP Jorge Jiménez
|
Batting: RHB Júlio Vélez
|
0-0: Fly out, F7 (Flyball, 78D)
|
Batting: RHB Jorge Cora
|
0-0: Ball 1-0: Called Strike 1-1: Swinging Strike 1-2: Foul Ball, location: 2F 1-2: Ball 2-2: Fly out, F4 (Popup, 4MD)
|
Batting: RHB Tomás Estrada
|
0-0: Ball 1-0: Called Strike 1-1: Ball 2-1: Fly out, F9 (Flyball, 9D)
|
Bottom of the 5th over - 0 run(s), 0 hit(s), 0 error(s), 0 left on base; Cape Cod 2 - Portland 0 |
TOP OF THE 6TH |
Cape Cod Clams batting - Pitching for Portland Privateers : RHP Alfonso Medina
|
Batting: SHB Rob Grun
|
0-0: Called Strike 0-1: Called Strike 0-2: Ball 1-2: Strikes out swinging
|
Batting: LHB José Rivas
|
0-0: Called Strike 0-1: Foul Ball, location: 2F 0-2: Foul Ball, location: 2F 0-2: Ball 1-2: Strikes out swinging
|
Batting: SHB Andrés Díaz
|
0-0: Ball 1-0: Ground out 4-3 (Groundball, 4)
|
Top of the 6th over - 0 run(s), 0 hit(s), 0 error(s), 0 left on base; Cape Cod 2 - Portland 0 |
BOTTOM OF THE 6TH |
Portland Privateers batting - Pitching for Cape Cod Clams : RHP Jorge Jiménez
|
Batting: LHB Yasuhiko Onodera
|
0-0: Called Strike 0-1: Ball 1-1: Foul Ball, location: 2F 1-2: Ground out 5-3 (Groundball, 5L)
|
Batting: RHB José Balina
|
0-0: Ball 1-0: Ball 2-0: Foul Ball, location: 2F 2-1: Swinging Strike 2-2: Foul Ball, location: 2F 2-2: Ball 3-2: Strikes out looking
|
Batting: RHB Luis Pineda
|
0-0: Foul Ball, location: 2F 0-1: Foul Ball, location: 2F 0-2: Ball 1-2: Fly out, F7 (Line Drive, 7D)
|
Bottom of the 6th over - 0 run(s), 0 hit(s), 0 error(s), 0 left on base; Cape Cod 2 - Portland 0 |
TOP OF THE 7TH |
Cape Cod Clams batting - Pitching for Portland Privateers : RHP Alfonso Medina
|
Pitching: LHP Jaime Ayala
|
|
Batting: RHB Héctor Jiménez
|
0-0: Ball 1-0: Swinging Strike 1-1: Called Strike 1-2: Ball 2-2: Ball 3-2: Strikes out swinging
|
Batting: SHB Dave Lee
|
0-0: Ball 1-0: Ball 2-0: Ball 3-0: Base on Balls
|
Batting: RHB Juan Marín
|
0-0: Ball 1-0: Grounds into double play, 1-6-3 (Groundball, 15)
|
Top of the 7th over - 0 run(s), 0 hit(s), 0 error(s), 0 left on base; Cape Cod 2 - Portland 0 |
BOTTOM OF THE 7TH |
Portland Privateers batting - Pitching for Cape Cod Clams : RHP Jorge Jiménez
|
Batting: RHB Carlos Castro
|
0-0: Ball 1-0: Called Strike 1-1: Ball 2-1: Ball 3-1: Foul Ball, location: 2F 3-2: SINGLE (Groundball, 4MD)
|
Batting: RHB Troy Lau
|
0-0: Ball 1-0: Ball 2-0: Ball 3-0: Base on Balls Carlos Castro to second
|
Pinch Hitting: LHB Jeff Dorney
|
0-0: Ball 1-0: Called Strike 1-1: Ball 2-1: Ball 3-1: Base on Balls Carlos Castro to third Troy Lau to second
|
Pitching: RHP Patrick Doyle
|
|
Pinch Hitting: LHB Dillon Beck
|
0-0: Swinging Strike 0-1: Called Strike 0-2: Foul Ball, location: 2F 0-2: Strikes out swinging
|
Batting: RHB Jorge Cora
|
0-0: Ball 1-0: Foul Ball, location: 2F 1-1: Foul Ball, location: 2F 1-2: Grounds into double play, 4-6-3 (Groundball, 4)
|
Bottom of the 7th over - 0 run(s), 1 hit(s), 0 error(s), 2 left on base; Cape Cod 2 - Portland 0 |
TOP OF THE 8TH |
Cape Cod Clams batting - Pitching for Portland Privateers : LHP Jaime Ayala
|
Now at 3B: Ramiro Gámez
|
|
Now in CF: Dillon Beck
|
|
Batting: RHB Marcos Castillo
|
0-0: Ball 1-0: Swinging Strike 1-1: Ball 2-1: DOUBLE (Line Drive, 9D)
|
Batting: SHB Edgardo Osorio
|
0-0: Called Strike 0-1: Ball 1-1: Swinging Strike 1-2: Strikes out swinging
|
Batting: RHB Yasuhiro Kobayashi
|
0-0: Ball 1-0: Ball 2-0: Ball 3-0: Base on Balls
|
Batting: SHB Rob Grun
|
0-0: Grounds into double play, 1-4-3 (Groundball, 15)
|
Top of the 8th over - 0 run(s), 1 hit(s), 0 error(s), 1 left on base; Cape Cod 2 - Portland 0 |
BOTTOM OF THE 8TH |
Portland Privateers batting - Pitching for Cape Cod Clams : RHP Patrick Doyle
|
Batting: RHB Tomás Estrada
|
0-0: Ball 1-0: SINGLE (Line Drive, 78S)
|
Pitching: LHP António Coronado
|
|
Batting: LHB Yasuhiko Onodera
|
0-0: Swinging Strike 0-1: Foul Ball, location: 2F 0-2: Ball 1-2: Strikes out swinging
|
Batting: RHB José Balina
|
0-0: Ball 1-0: Ball 2-0: Called Strike 2-1: 2-RUN HOME RUN (Flyball, 78XD), Distance : 400 ft
|
Batting: RHB Luis Pineda
|
0-0: Ball 1-0: Ball 2-0: Called Strike 2-1: Ground out 4-3 (Groundball, 34)
|
Batting: RHB Carlos Castro
|
0-0: Fly out, F8 (Line Drive, 89D)
|
Bottom of the 8th over - 2 run(s), 2 hit(s), 0 error(s), 0 left on base; Cape Cod 2 - Portland 2 |
TOP OF THE 9TH |
Cape Cod Clams batting - Pitching for Portland Privateers : LHP Jaime Ayala
|
Pitching: RHP Neal Dillard
|
|
Batting: LHB José Rivas
|
0-0: Ground out 4-3 (Groundball, 4)
|
Batting: SHB Andrés Díaz
|
0-0: Swinging Strike 0-1: Ball 1-1: Swinging Strike 1-2: Ball 2-2: Fly out, F3 (Popup, 23)
|
Batting: RHB Héctor Jiménez
|
0-0: Ball 1-0: Foul Ball, location: 2F 1-1: Foul Ball, location: 2F 1-2: Foul Ball, location: 2F 1-2: Foul Ball, location: 2F 1-2: Foul Ball, location: 2F 1-2: Strikes out swinging
|
Top of the 9th over - 0 run(s), 0 hit(s), 0 error(s), 0 left on base; Cape Cod 2 - Portland 2 |
BOTTOM OF THE 9TH |
Portland Privateers batting - Pitching for Cape Cod Clams : LHP António Coronado
|
Batting: RHB Troy Lau
|
0-0: Swinging Strike 0-1: Called Strike 0-2: Strikes out swinging
|
Batting: RHB Ramiro Gámez
|
0-0: Foul Ball, location: 2F 0-1: Foul Ball, location: 2F 0-2: Ball 1-2: Foul Ball, location: 2F 1-2: Ball 2-2: Strikes out swinging
|
Batting: LHB Dillon Beck
|
0-0: Ball 1-0: Foul Ball, location: 2F 1-1: Foul Ball, location: 2F 1-2: Strikes out swinging
|
Bottom of the 9th over - 0 run(s), 0 hit(s), 0 error(s), 0 left on base; Cape Cod 2 - Portland 2 |
TOP OF THE 10TH |
Cape Cod Clams batting - Pitching for Portland Privateers : RHP Neal Dillard
|
Pinch Hitting: RHB Sam Wallace
|
0-0: Called Strike 0-1: Ball 1-1: Foul Ball, location: 2F 1-2: Fly out, F4 (Line Drive, 4)
|
Pinch Hitting: RHB Franklin Shaw
|
0-0: Called Strike 0-1: Fly out, F7 (Flyball, 78M)
|
Batting: RHB Marcos Castillo
|
0-0: Swinging Strike 0-1: Called Strike 0-2: Ball 1-2: Foul Ball, location: 2F 1-2: Ball 2-2: Fly out, F7 (Flyball, 7M)
|
Top of the 10th over - 0 run(s), 0 hit(s), 0 error(s), 0 left on base; Cape Cod 2 - Portland 2 |
BOTTOM OF THE 10TH |
Portland Privateers batting - Pitching for Cape Cod Clams : LHP António Coronado
|
Now at C: António Ramos
|
|
Now at 2B: Sam Wallace
|
|
Batting: RHB Jorge Cora
|
0-0: Ball 1-0: Ball 2-0: Swinging Strike 2-1: Fly out, F9 (Flyball, 9M)
|
Batting: RHB Tomás Estrada
|
0-0: Foul Ball, location: 2F 0-1: Called Strike 0-2: Ball 1-2: Ball 2-2: Foul Ball, location: 2F 2-2: Foul Ball, location: 2F 2-2: Foul Ball, location: 2F 2-2: Ground out 4-3 (Groundball, 4)
|
Batting: LHB Yasuhiko Onodera
|
0-0: DOUBLE (Flyball, 9D)
|
Batting: RHB José Balina
|
0-0: Called Strike 0-1: Ball 1-1: Swinging Strike 1-2: Ball 2-2: Strikes out swinging
|
Bottom of the 10th over - 0 run(s), 1 hit(s), 0 error(s), 1 left on base; Cape Cod 2 - Portland 2 |
TOP OF THE 11TH |
Cape Cod Clams batting - Pitching for Portland Privateers : RHP Neal Dillard
|
Batting: SHB Edgardo Osorio
|
0-0: Called Strike 0-1: Ground out 3-1 (Groundball, 34)
|
Batting: RHB Yasuhiro Kobayashi
|
0-0: Called Strike 0-1: Ball 1-1: Ball 2-1: Foul Ball, location: 2F 2-2: Ground out 6-3 (Groundball, 56)
|
Batting: SHB Rob Grun
|
0-0: Ball 1-0: Ball 2-0: Called Strike 2-1: Fly out, F4 (Popup, 6M)
|
Top of the 11th over - 0 run(s), 0 hit(s), 0 error(s), 0 left on base; Cape Cod 2 - Portland 2 |
BOTTOM OF THE 11TH |
Portland Privateers batting - Pitching for Cape Cod Clams : LHP António Coronado
|
Batting: RHB Luis Pineda
|
0-0: Swinging Strike 0-1: Ball 1-1: Ball 2-1: Foul Ball, location: 2F 2-2: Ball 3-2: Ground out 5-3 (Groundball, 15S)
|
Batting: RHB Carlos Castro
|
0-0: Ball 1-0: DOUBLE (Line Drive, 7LM)
|
Batting: RHB Troy Lau
|
0-0: Intentional Walk
|
Batting: RHB Ramiro Gámez
|
0-0: Ball 1-0: Ball 2-0: Ball 3-0: Swinging Strike 3-1: Foul Ball, location: 2F 3-2: Strikes out swinging
|
Batting: LHB Dillon Beck
|
0-0: Fly out, F6 (Line Drive, 6)
|
Bottom of the 11th over - 0 run(s), 1 hit(s), 0 error(s), 2 left on base; Cape Cod 2 - Portland 2 |
TOP OF THE 12TH |
Cape Cod Clams batting - Pitching for Portland Privateers : RHP Neal Dillard
|
Batting: LHB José Rivas
|
0-0: Swinging Strike 0-1: SOLO HOME RUN (Flyball, 89XD), Distance : 393 ft
|
Batting: SHB Andrés Díaz
|
0-0: Ball 1-0: Ball 2-0: Swinging Strike 2-1: Called Strike 2-2: Foul Ball, location: 2F 2-2: Ground out 6-3 (Groundball, 6)
|
Batting: RHB Héctor Jiménez
|
0-0: Ball 1-0: Ball 2-0: Ball 3-0: Base on Balls
|
Batting: RHB Sam Wallace
|
0-0: Ball 1-0: SINGLE (Line Drive, 6MD) Héctor Jiménez to second
|
Batting: RHB António Ramos
|
0-0: Called Strike 0-1: Swinging Strike 0-2: Ball 1-2: Foul Ball, location: 2F 1-2: Ball 2-2: Foul Ball, location: 2F 2-2: Ball 3-2: Base on Balls Héctor Jiménez to third Sam Wallace to second
|
Pitching: LHP Mike Campbell
|
|
Batting: RHB Marcos Castillo
|
0-0: Swinging Strike 0-1: Ball 1-1: Fly out, F4 (Popup, 3D)
|
Batting: SHB Edgardo Osorio
|
0-0: Swinging Strike 0-1: Ball 1-1: Ball 2-1: Foul Ball, location: 2F 2-2: Foul Ball, location: 2F 2-2: Strikes out swinging
|
Top of the 12th over - 1 run(s), 2 hit(s), 0 error(s), 3 left on base; Cape Cod 3 - Portland 2 |
BOTTOM OF THE 12TH |
Portland Privateers batting - Pitching for Cape Cod Clams : LHP António Coronado
|
Pitching: RHP Claudio Rivera
|
|
Now at SS: Armando Vega
|
|
Batting: RHB Jorge Cora
|
0-0: Ground out 3-1 (Groundball, 34S)
|
Batting: RHB Tomás Estrada
|
0-0: Ball 1-0: Ball 2-0: Ball 3-0: Base on Balls
|
Batting: LHB Yasuhiko Onodera
|
0-0: 2-RUN HOME RUN (Flyball, 78XD), Distance : 419 ft
|
Monday, December 5th, 2016 - OOTP Baseball 17.12 Build 75
|
|